 Dungeon Crawl Stone Soup version 0.19.0-11-g3fc08b3 (webtiles) character file.

87 inmateoo the Skirmisher (level 4, 0/22 HPs)
             Began as a Felid Abyssal Knight on Nov 8, 2016.
             Was a Believer of Lugonu.
             Succumbed to an adder's poison
             ... on level 3 of the Dungeon.
             The game lasted 00:02:39 (2403 turns).

inmateoo the Skirmisher (Felid Abyssal Knight)      Turns: 2403, Time: 00:02:40

Health: 0/22       AC:  1    Str:  8    XL:     4   Next: 28%
Magic:  6/6        EV: 19    Int: 13    God:    Lugonu [**....]
Gold:   60         SH:  0    Dex: 16    Spells: 0 memorised, 3 levels left
                                        Lives:  0   Deaths: 1

rFire  . . .     SeeInvis +       - Unarmed
rCold  . . .     Gourm    .     (armour unavailable)
rNeg   . . .     Faith    .     (shield unavailable)
rPois  .         Spirit   .     (helmet unavailable)
rElec  .         Reflect  .     (cloak unavailable)
rCorr  .         Harm     .     (gloves unavailable)
MR     .....                    (boots unavailable)
Stlth  +++.......               (no amulet)
                                (no ring)
                                (no ring)

@: lethally poisoned (0 -> -6), quick
A: no armour, no weapons or thrown items, stealth, claws 1, fangs 3, see
invisible, carnivore 3, speed 1, shaggy fur 1, slow metabolism 1, sharp paws
a: Depart the Abyss, Bend Space, Renounce Religion


You were on level 3 of the Dungeon.
You worshipped Lugonu.
Lugonu was pleased with you.
You were very full.

You visited 1 branch of the dungeon, and saw 3 of its levels.
You visited the Abyss 1 time.

You collected 60 gold pieces.

Inventory:

Scrolls
 b - 2 scrolls of identify {unknown}
 c - 2 scrolls of amnesia {unknown}
 d - 2 scrolls of remove curse {unknown}
 e - a scroll of random uselessness {unknown}
 f - a scroll of blinking {unknown}
Comestibles
 a - a meat ration


   Skills:
 + Level 4.0 Fighting
 + Level 3.8 Dodging
 * Level 2.4 Stealth
 * Level 3.6 Unarmed Combat
 - Level 1.7 Invocations


You had 3 spell levels left.
You didn't know any spells.

Dungeon Overview and Level Annotations

Branches:
Dungeon (3/15)

Altars:

Annotations:
D:3 DEFE's ghost, amateur MiFi


Innate Abilities, Weirdness & Mutations

You cannot wear armour.
You are incapable of wielding weapons or throwing items.
Your paws allow you to move quietly. (Stealth)
You have sharp claws.
You have razor-sharp teeth.
You have supernaturally acute eyesight. (SInv)
You are carnivorous and can eat meat at any time.
You cover ground quickly.
You are covered in fur. (AC +1)
You have a slow metabolism.
Your sharp claws are effective at attacking unaware monsters.


Message History

The adder poisons you!
You closely miss the adder.
The adder is heavily wounded.
* * * LOW HITPOINT WARNING * * *
You feel sick. The adder misses you.
You scratch the adder.
You kill the adder!
Lugonu accepts your kill.
* * * LOW HITPOINT WARNING * * *
You feel sick.
The kobold throws a stone.
The stone misses you.
You swing at nothing.
The kobold throws a stone.
The stone completely misses you.
You swing at nothing.
* * * LOW HITPOINT WARNING * * *
You feel sick.
You swing at nothing.
* * * LOW HITPOINT WARNING * * *
You feel sick.
The kobold throws a stone.
The stone barely misses you.
You swing at nothing.
You die...

#......# #......#
#.....## ###....
###.## ### ##.##
#.##########...##
#......#(##.....##
#.@#K.......###.
#.##........<...
#. #........###.
..#.##...>.#....
.#### ##...## ...
## ##.## .. ###


There were no monsters in sight!

Vanquished Creatures
  5 adders
  A gnoll (D:1)
  2 oozes (D:1)
  3 dart slugs
  5 leopard geckos
  6 bats
  4 giant cockroaches
  8 goblins
  4 hobgoblins
  3 jackals (D:2)
  3 kobolds
  2 quokkas
  7 frilled lizards
  8 rats
61 creatures vanquished.

Notes
Turn   | Place    | Note
-------+----------+-------------------------------------------
     0 | Abyss:1  | inmateoo the Felid Abyssal Knight began the quest for the Orb.
     0 | Abyss:1  | Reached XP level 1. HP: 10/10 MP: 3/3
     9 | D:1      | Escaped the Abyss
   335 | D:1      | Reached XP level 2. HP: 14/14 MP: 4/4
   696 | D:1      | Reached XP level 3. HP: 16/17 MP: 5/5
   817 | D:1      | Reached ** piety under Lugonu
  1220 | D:1      | Reached skill level 1 in Stealth
  1621 | D:2      | Reached XP level 4. HP: 15/22 MP: 6/6
  1643 | D:2      | HP: 1/22 [leopard gecko (4)]
  1645 | D:2      | Slain by a leopard gecko
  1646 | D:2      | Reached XP level 3. HP: -4/18 MP: 5/5
  2329 | D:3      | Noticed DEFE's ghost (amateur MiFi)
  2388 | D:3      | Reached XP level 4. HP: 15/22 MP: 6/6
  2395 | D:3      | Reached skill level 4 in Fighting
  2401 | D:3      | HP: 1/22 [poisoned by an adder]
  2403 | D:3      | Succumbed to an adder's poison

Skill      XL: |  1  2  3  4 |
---------------+-------------+-----
Stealth        | 2 |  2.4
Unarmed Combat | 3 |  3.6
Fighting       | 4 |  4.0
Dodging        | |  3.8
Invocations    | |  1.7

Action                   |  1- 3 |  4- 6 || total
-------------------------+-------+-------++-------
Melee: Unarmed           |   167 |    31 ||   198
       Bite              |    17 |     5 ||    22
       Punch             |       |     1 ||     1
  Use: Potion            |     1 |     1 ||     2
 Stab: Sleeping          |    15 |       ||    15
       Distracted        |     1 |       ||     1
  Eat: Chunk             |    13 |       ||    13
Armor: Skin              |     5 |     3 ||     8
Dodge: Dodged            |   123 |    48 ||   171
